 Dungeon Crawl Stone Soup version 0.28-a0-1524-ge72afd5fc6 (webtiles) character file.

Game seed: 17933805592920387713

225 HallandMoats the Skirmisher (level 6, -9/53 HPs)
             Began as a Ghoul Fighter on Jan 17, 2022.
             Was a Believer of Lugonu.
             Mangled by a hell rat (15 damage)
             ... in a sewer.
             The game lasted 00:03:12 (2658 turns).

HallandMoats the Skirmisher (Ghoul Fighter)         Turns: 2658, Time: 00:03:12

Health: -9/53      AC:  8    Str: 20    XL:     6   Next: 1%
Magic:  5/5        EV:  9    Int:  5    God:    Lugonu [**....]
Gold:   130        SH:  4    Dex:  8    Spells: 5/5 levels left

rFire   . . .      SeeInvis .   i - +2 short sword (speed)
rCold   + . .      Faith    .   c - +0 buckler
rNeg    + + +      Spirit   .   b - +0 scale mail
rPois   ∞          Reflect  .   d - +0 helmet
rElec   .          Harm     .   (no cloak)
rCorr   .          Rampage  .   (no gloves)
Will    .....                   (no boots)
Stlth   ..........              (no amulet)
HPRegen 0.00/turn               (no ring)
MPRegen 0.09/turn               (no ring)

@: inhibited regen
A: claws 1, cold resistance 1, negative energy resistance 3, inhibited
regeneration, torment resistance 2
a: Renounce Religion, Depart the Abyss, Bend Space


You were in a sewer.
You worshipped Lugonu.
Lugonu was pleased with you.
You visited 1 branch of the dungeon, and saw 3 of its levels.
You also visited: Sewer.

You collected 130 gold pieces.

Inventory:

Hand Weapons
 a - a +0 flail
 i - a +2 short sword of speed (weapon)
Armour
 b - a +0 scale mail (worn)
 c - a +0 buckler (worn)
 d - a +0 helmet (worn)
Jewellery
 e - a ring of wizardry
Scrolls
 f - a scroll of amnesia {unknown}
 g - 2 scrolls of identify {unknown}
 j - a scroll of teleportation {unknown}
 n - a scroll of silence {unknown}
 o - a scroll of immolation {unknown}
 p - 3 scrolls of magic mapping {unknown}
Potions
 h - a potion of resistance {unknown}
 k - a potion of curing {unknown}
 l - a potion of invisibility {unknown}
 m - a potion of attraction {unknown}
 q - a potion of magic {unknown}
 r - a potion of heal wounds {unknown}


   Skills:
 * Level 4.7 Fighting
 * Level 3.2 Maces & Flails
 + Level 3.3 Armour
 + Level 1.5 Dodging
 + Level 3.2 Shields


You had 5 spell levels left.
You didn't know any spells.
Your spell library contained the following spells:

 Spells                   Type           Power      Damage    Failure   Level
 Freeze                   Ice            0%         1d3       89%         1
 Frozen Ramparts          Ice            0%         1d2       99%         3
 Hailstorm                Conj/Ice       0%         3d3       100%        4


Dungeon Overview and Level Annotations

Branches:
Dungeon (3/15)              Sewer (1/1)

Altars:
Lugonu

Shops:
D:3 :


Innate Abilities, Weirdness & Mutations

You thrive by killing the living.
You are immune to poison.
You have sharp fingernails.
Your flesh is cold resistant. (rC+)
You are immune to negative energy. (rN+++)
You do not regenerate when monsters are visible.
You are immune to unholy pain and torment.


Message History

You enter the shallow water.
Moving in this stuff is going to be slow.
The rat twitches its whiskers.
Your unstable footing causes you to fumble your attack.
You hit the rat.
You kill the rat!
Lugonu accepts your kill.
No target in view!
No target in view!
You open the door.
A hell rat comes into view.
The hell rat roars deafeningly!
Found six items.
Found a gate leading back out of this place.
A hell rat is nearby!
A hell rat is nearby!
A hell rat is nearby!
There is an open door here.
You hit the hell rat but do no damage.
Okay, then.
Okay, then.
Okay, then.
You hit the hell rat but do no damage. The hell rat bites you!
You hit the hell rat.
The hell rat is lightly wounded.
The hell rat bites you!
You hit the hell rat but do no damage.
The hell rat is lightly wounded.
The hell rat barely misses you.
You hit the hell rat but do no damage.
The hell rat is lightly wounded.
The hell rat bites you.
You puncture the hell rat!
The hell rat is heavily wounded.
The hell rat bites you!
* * * LOW HITPOINT WARNING * * *
You hit the hell rat.
The hell rat is severely wounded.
The hell rat bites you!
You die...

#########
###.≈.≈≈≈≈###
###.≈.≈≈≈@.≈.≈#
#≈..≈≈##r##≈≈≈.≈#
##≈≈†###.≈.# #≈≈≈##
#≈..##.≈≈≈≈≈≈ .≈.#
#≈.≈#≈≈.≈≈≈≈≈≈#...#
#≈.≈##.!!!?!≈##..≈#
##≈≈.###!∩?###.≈≈#
#≈.≈≈≈#####≈.≈≈.#
###≈≈≈≈†∩≈.≈≈.#


You could see a hell rat.

Vanquished Creatures
  A black bear (D:2)
  4 adders
  2 river rats
  2 worms (D:2)
  2 dart slugs (D:2)
  An orc (D:3)
  5 ball pythons
  2 endoplasms
  2 giant cockroaches
  4 hobgoblins
  4 jackals (D:3)
  10 kobolds
  A quokka (D:3)
  7 bats
  5 frilled lizards
  6 goblins
  13 rats
71 creatures vanquished.

Notes
Turn   | Place    | Note
-------+----------+-------------------------------------------
     0 | D:1      | HallandMoats the Ghoul Fighter began the quest for the Orb.
     0 | D:1      | Reached XP level 1. HP: 19/19 MP: 0/0
   294 | D:1      | Reached XP level 2. HP: 21/26 MP: 1/1
   895 | D:2      | Reached XP level 3. HP: 28/33 MP: 2/2
  1391 | D:2      | Noticed a black bear
  1417 | D:2      | Killed a black bear
  1418 | D:2      | Reached skill level 4 in Fighting
  1418 | D:2      | Reached skill level 1 in Dodging
  1418 | D:2      | Reached XP level 4. HP: 6/41 MP: 3/3
  1418 | D:2      | Reached XP level 5. HP: 7/47 MP: 4/4
  2225 | D:3      | Found a faded altar of an unknown god.
  2238 | D:3      | Prayed at the altar of an unknown god.
  2238 | D:3      | Became a worshipper of Lugonu the Unformed
  2238 | D:3      | Reached * piety under Lugonu
  2238 | D:3      | Reached ** piety under Lugonu
  2257 | D:3      | Found Biusask's Book Boutique.
  2523 | D:3      | Found a glowing drain.
  2571 | Sewer    | Entered a sewer
  2605 | Sewer    | Reached XP level 6. HP: 47/53 MP: 5/5
  2658 | Sewer    | Mangled by a hell rat

Illustrated notes

Levels and vault maps discovered:
D:1:      dpeg_arrival_refuge, layout_basic, roderic_serpentine_path,
          st_stairs_2, minmay_misc_feat_rugged, minivault_25, solitary_fountain
D:2:      layout_loops_corners
D:3:      layout_basic, portal_sewer_entry_a,
          hellmonk_ecumenical_altar_dog_temple, serial_shops,
          nicolae_shop_statue_plus, chequers_serial_rivers_micro_d,
          moated_statue, minmay_misc_feat_four_crosses, grunt_ministairs_2
Sewer:    sewer_hellmonk_bad_rat

Skill      XL: |  1  2  3  4  5 |
---------------+----------------+-----
Maces & Flails | 2 3 |  3.2
Armour         | 3 |  3.3
Fighting       | 4 |  4.7
Dodging        | 1 |  1.5
Shields        | 3 |  3.2

Action                   |  1- 3 |  4- 6 || total
-------------------------+-------+-------++-------
Melee: Flail             |    37 |       ||    37
       Short sword       |    62 |   147 ||   209
  Use: Potion            |     1 |       ||     1
Armor: Scale mail        |    58 |    61 ||   119
Dodge: Dodged            |    54 |    62 ||   116
Block: Buckler           |    16 |    23 ||    39

Table legend: (Time is in decaauts)
 A = Elapsed time spent in this place.
 B = Non-inter-level travel time spent in this place.
 C = Inter-level travel time spent in this place.
 D = Time resting spent in this place.
 E = Time spent auto-exploring this place.
 F = Levels seen in this place.
 G = Mean time per level.
                   A        B        C        D        E       F      G
               +--------+--------+--------+--------+--------+-----+--------+
         Total |   2634 |   2537 |     97 |      0 |   2055 |   4 |  658.5 |
       Dungeon |   2542 |   2445 |     97 |      0 |   2005 |   3 |  847.3 |
         Sewer |     91 |     91 |      0 |      0 |     50 |   1 |   91.0 |
               +--------+--------+--------+--------+--------+-----+--------+

Top non-repeatable levels by time:
     D:2: 1274 daAuts
     D:1: 893 daAuts
     D:3: 374 daAuts
   Sewer: 91 daAuts
